Map: Ley Lines

Players

KimChiLoVer - Winner!

  • Race: Terran Terran
  • Spawn Location: 7:00

A.I. 1 (Elite)

  • Race: Terran Terran
  • Spawn Location: 1:00

VOD

Have the link to the VOD?

Description

Time

  • Played on: Aug. 4, 2025, 9:59 p.m.
  • Length: 14:14
Show
View Real Time Build Order
Export as new Build Order

KimChiLoVer Terran - Winner!

Build Orders: Reaper Expand 

Get SALT Encoding   

  12  0:00  SCV  
  13  0:12  SCV  
  14  0:16  Supply Depot  
  14  0:26  SCV  
  15  0:38  SCV  
  15  0:40  Barracks  
  16  0:45  Refinery  
  16  0:50  SCV  
  17  1:02  SCV  
  18  1:22  SCV  
  19  1:29  Reaper  
  20  1:34  Orbital Command  
  20  1:41  Command Center  
  20  2:05  Barracks Reactor  
  20  2:09  Barracks  
  20  2:13  SCV, Supply Depot  
  21  2:25  SCV  
  22  2:33  Factory  
  22  2:37  SCV  
  22  2:43  Marine x2  
  25  2:54  SCV  
  25  2:57  Refinery  
  26  2:58  Marine  
  27  3:08  Marine x2  
  29  3:23  Orbital Command  
  29  3:25  Factory Tech Lab  
  28  3:28  Starport, SCV  
  29  3:39  Marine x2  
  29  3:40  SCV  
  32  3:43  Bunker  
  32  3:47  Siege Tank  
  35  3:49  Supply Depot  
  35  3:52  SCV  
  36  4:04  SCV  
  36  4:06  Command Center  
  36  4:29  Orbital Command  
  32  4:44  Siege Tank  
  35  4:49  Barracks Reactor  
  35  4:51  Medivac  
  37  4:54  SCV  
  37  4:56  SCV  
  37  4:57  Barracks Tech Lab  
  39  5:05  Bunker  
  39  5:08  SCV x2  
  41  5:17  Stimpack  
  41  5:18  Marine  
  41  5:20  Orbital Command, SCV x2  
  44  5:27  Marine  
  44  5:28  Marine  
  46  5:32  SCV, Medivac  
  49  5:35  Marine  
  49  5:37  SCV  
  51  5:44  SCV  
  51  5:45  Marine x2  
  51  5:48  Siege Tank  
  57  5:53  Marine  
  57  5:54  Barracks  
  57  5:56  SCV x2  
  60  6:00  Barracks  
  60  6:05  Marine x2  
  60  6:08  SCV  
  63  6:11  Marine  
  64  6:21  SCV  
  64  6:23  Marine  
  66  6:33  SCV  
  66  6:34  Orbital Command  
  66  6:36  Refinery  
  66  6:37  Refinery  
  67  6:41  Hellion  
  69  6:49  Command Center  
  69  6:50  Engineering Bay  
  69  6:53  Engineering Bay  
  69  7:01  Supply Depot x2  
  69  7:02  Supply Depot  
  69  7:03  Medivac x2  
  69  7:04  Hellion, SCV x2  
  69  7:06  Barracks Tech Lab  
  77  7:08  Barracks Reactor  
  79  7:22  SCV x2  
  79  7:25  Hellion  
  81  7:30  Combat Shield  
  81  7:32  Concussive Shells  
  81  7:33  Marauder x2, Marine x2  
  81  7:35  SCV x2  
  89  7:47  SCV  
  81  7:51  Marine x2  
  81  7:57  SCV x2  
  81  7:58  Siege Tank  
  88  7:59  SCV  
  88  8:04  Orbital Command, Starport  
  89  8:07  Factory  
  89  8:08  Marauder  
  89  8:09  SCV x2  
  93  8:25  SCV  
  94  8:27  Marauder, Marine x2  
  94  8:28  Marine x2  
  94  8:29  Marauder  
  94  8:30  Siege Tank, Terran Infantry Weapons Level 1, Terran Infantry Armor Level 1  
  105  8:34  Armory  
  105  8:36  Supply Depot  
  105  8:42  Supply Depot  
  105  8:43  Supply Depot  
  105  8:50  Starport Reactor  
  105  9:00  Factory Tech Lab  
  105  9:18  Orbital Command  
  98  9:35  SCV  
  99  9:39  Refinery  
  99  9:41  Marauder x2, Marine x4, Supply Depot  
  99  9:44  Siege Tank x2, Medivac x2  
  117  9:47  SCV, Medivac x2  
  117  9:48  Refinery  
  117  9:52  Refinery  
  122  9:56  Barracks  
  122  9:57  Terran Vehicle And Ship Armor Level 1  
  122  9:58  Barracks  
  122  9:59  SCV, Marine  
  124  10:03  SCV x2  
  124  10:04  Supply Depot  
  124  10:05  Supply Depot  
  124  10:06  Supply Depot  
  126  10:08  Supply Depot  
  126  10:10  Marine x5  
  131  10:14  Medivac  
  131  10:17  Marine  
  133  10:28  Marine x5  
  134  10:30  SCV  
  134  10:32  Refinery  
  134  10:34  Marine  
  140  10:38  Medivac x2  
  140  10:42  SCV  
  145  10:45  Barracks  
  145  10:46  Marine x5  
  145  10:47  Marine x2  
  147  10:52  Marine  
  145  11:03  Marine  
  145  11:04  Marine x4  
  147  11:05  Marine x2  
  147  11:08  Medivac  
  147  11:10  Marine  
  152  11:17  Terran Infantry Weapons Level 2, Terran Infantry Armor Level 2  
  152  11:21  Marine x2  
  152  11:22  Marine x3  
  152  11:23  Marine x2  
  149  11:28  Marine  
  150  11:39  Marine x4  
  152  11:40  Marine  
  152  11:45  Barracks Reactor  
  152  11:46  Marine  
  158  11:48  Barracks Tech Lab  
  158  11:50  Barracks Reactor  
  158  11:51  Medivac  
  158  11:52  Medivac  
  158  11:53  Siege Tank x2  
  158  11:54  Medivac x2  
  170  11:57  Marine x5  
  175  12:04  Marine  
  163  13:04  Marine  
  163  13:05  Marine  
  157  13:06  Marine x2  
  157  13:07  Marine  
  157  13:11  Siege Tank  
  157  13:17  Supply Depot  
  157  13:19  Supply Depot  
  157  13:24  Viking x2  
  157  13:25  Siege Tank  
  164  13:29  Command Center x2  
  164  13:31  Command Center x2  
  164  13:32  Command Center  
  164  13:39  Medivac x2  
  168  13:45  SCV  
  168  13:46  SCV x2  
  168  13:48  Refinery  
  175  13:57  SCV  
  175  13:58  SCV x2  
Show
View Real Time Build Order
Export as new Build Order

A.I. 1 (Elite) Terran 

Build Orders:  

Get SALT Encoding   

  12  0:00  SCV  
  13  0:13  SCV  
  14  0:18  Supply Depot  
  14  0:25  SCV  
  15  0:40  SCV  
  15  0:42  Barracks  
  16  0:46  Refinery  
  16  0:52  SCV  
  17  1:04  SCV, Barracks  
  18  1:16  SCV  
  19  1:30  Marine  
  19  1:31  Orbital Command  
  20  1:41  Barracks  
  20  1:48  Marine  
  20  1:50  Marine  
  22  1:57  Supply Depot  
  22  2:00  SCV  
  23  2:06  Barracks Tech Lab  
  23  2:09  Barracks Tech Lab  
  23  2:18  SCV  
  24  2:24  Marine  
  24  2:26  Stimpack  
  24  2:27  Marine x2  
  24  2:28  Concussive Shells  
  27  2:36  Supply Depot  
  27  2:41  Marine  
  28  2:45  Marine x2, SCV  
  31  3:00  Marauder  
  31  3:03  Marine  
  31  3:04  Marauder  
  36  3:08  Supply Depot  
  36  3:21  Marine x2  
  36  3:24  Marine  
  39  3:30  SCV  
  39  3:33  Combat Shield  
  40  3:35  Supply Depot  
  40  3:43  Marauder  
  42  3:51  Refinery  
  42  3:56  Marauder  
  44  4:12  Marauder  
  44  4:14  SCV  
  47  4:18  Marauder  
  47  4:20  Supply Depot  
  49  4:26  SCV  
  41  4:38  Command Center  
  41  4:39  Marine  
  41  4:41  Marine  
  41  4:45  SCV  
  44  4:50  Marauder  
  46  4:57  Marauder  
  46  4:59  Marine  
  49  5:11  Marine  
  50  5:17  Factory  
  50  5:18  Marauder  
  52  5:25  Engineering Bay  
  52  5:29  Marauder  
  54  5:45  Barracks Reactor, Engineering Bay  
  54  5:48  Marine  
  55  5:51  SCV, Terran Infantry Armor Level 1  
  55  5:53  SCV  
  57  6:03  SCV  
  58  6:05  SCV  
  58  6:11  Terran Infantry Weapons Level 1  
  59  6:15  SCV, Marine  
  59  6:16  Marauder  
  59  6:17  SCV  
  62  6:27  SCV  
  62  6:29  SCV  
  64  6:33  Marauder  
  64  6:39  SCV  
  67  6:42  SCV  
  68  6:52  SCV  
  68  6:54  SCV  
  70  6:55  Supply Depot  
  70  7:02  Marine x2  
  70  7:04  SCV  
  70  7:05  Starport  
  70  7:06  SCV  
  74  7:16  Command Center, SCV  
  75  7:24  SCV  
  75  7:28  SCV  
  74  7:37  SCV  
  63  7:40  SCV, Marine  
  63  7:52  SCV  
  63  7:53  SCV  
  65  8:04  Marauder, SCV  
  68  8:06  SCV  
  68  8:10  Medivac  
  71  8:16  SCV  
  71  8:18  SCV  
  73  8:23  Marine  
  74  8:28  Marauder, SCV  
  74  8:31  SCV  
  79  8:34  SCV  
  79  8:40  SCV, Medivac  
  84  8:41  Marauder  
  84  8:44  SCV  
  84  8:46  SCV  
  86  8:53  Armory, SCV  
  87  8:59  SCV  
  87  9:01  SCV  
  89  9:05  SCV  
  89  9:06  Supply Depot  
  87  9:11  SCV  
  87  9:13  SCV  
  87  9:16  Marauder  
  87  9:17  SCV  
  87  9:20  Marine  
  87  9:23  SCV  
  81  9:25  Marine  
  81  9:28  Marine  
  81  9:29  SCV  
  81  9:30  SCV  
  85  9:35  SCV  
  85  9:36  Marine  
  85  9:38  Marine  
  88  9:41  SCV  
  88  9:42  Terran Infantry Weapons Level 2  
  88  9:43  Marine  
  90  9:46  Orbital Command, Marine  
  90  9:47  SCV  
  90  9:52  Missile Turret  
  92  9:53  SCV  
  92  9:54  Missile Turret  
  92  9:59  SCV  
  94  10:03  Missile Turret  
  94  10:05  SCV, Missile Turret  
  95  10:09  Barracks, Starport Reactor  
  95  10:11  SCV  
  96  10:18  SCV  
  85  10:24  Supply Depot  
  85  10:25  SCV  
  86  10:31  SCV  
  86  10:35  SCV  
  85  10:38  SCV  
  86  10:43  SCV  
  86  10:45  Medivac  
  89  10:51  Hellion  
  84  11:13  Hellion  
  80  11:25  SCV  
  79  11:30  SCV  
  80  11:33  SCV  
  80  11:34  Factory Tech Lab  
  80  11:37  SCV  
  82  11:43  SCV  
  82  11:45  SCV  
  82  11:47  Factory  
  84  11:49  SCV  
  84  11:52  Hellion  
  87  11:55  SCV  
  87  11:58  SCV  
  89  12:01  SCV  
  89  12:06  Infernal Pre-Igniter  
  91  12:11  SCV  
  91  12:13  SCV, Marine  
  91  12:14  Hellion  
  95  12:18  Supply Depot  
  80  12:30  Factory Tech Lab  
  80  12:35  Siege Tank  
  57  12:50  Marine  
  54  12:57  Marine  
  54  13:03  Marine  
  32  13:19  Marine  
  28  13:20  SCV  
  28  13:31  Marine  
  28  13:32  SCV  
  19  13:53  SCV  
Tags
 
Matchup
TvT
Race
Terran
Spawn Locations
Cross Positions
Add a new tag
Caveats
  • Supply blocks, unpowered buildings, or Contaminate may cause inaccurate times.
  • Supply counts are checked every 10 seconds.